 Dungeon Crawl Stone Soup version 0.29.0-15-g675c0067aa (webtiles) character file.

Game seed: 8821522768334621272

6 qw the Sneak (level 1, -2/14 HPs)
             Began as a Gargoyle Delver on Sept 11, 2022.
             Slain by an orc
             ... wielding a +2 hand axe of electrocution
              (3 damage)
             ... on level 5 of the Dungeon.
             The game lasted 00:00:05 (62 turns).

qw the Sneak (Gargoyle Delver)                        Turns: 62, Time: 00:00:05

Health: -2/14      AC:  5    Str: 15    XL:     1   Next: 90%
Magic:  1/1        EV: 11    Int: 10    God:
Gold:   0          SH:  0    Dex: 11    Spells: 0/0 levels left

rFire   . . .      SeeInvis .   Y - +0 hand axe
rCold   . . .      Faith    .   (no shield)
rNeg    + . .      Spirit   .   b - +0 leather armour
rPois   inf        Reflect  .   (no helmet)
rElec   +          Harm     .   (no cloak)
rCorr   .          Rampage  .   (no gloves)
Will    .....                   (no boots)
Stlth   +++.......              (no amulet)
HPRegen 0.04/turn               (no ring)
MPRegen 0.07/turn               (no ring)

@: no status effects
A: sickness immunity, AC +2, negative energy resistance 1, electricity
resistance, torment resistance 1, petrification resistance
a: no special abilities


You were on level 5 of the Dungeon.
You visited 1 branch of the dungeon, and saw 1 of its levels.


Innate Abilities, Weirdness & Mutations

You are immune to sickness and miasma.
Your stone body is resilient. (AC +2)
You are immune to poison.
You resist negative energy. (rN+)
You are resistant to electric shocks. (rElec)
You are resistant to unholy torment.
You are immune to petrification.


   Skills:
 - Level 3.2 Fighting
 + Level 2.3 Axes
 - Level 1.5 Dodging
 - Level 5.4 Stealth


You couldn't memorise any spells.
You didn't know any spells.
Your spell library was empty.

Inventory:

Hand Weapons
 i - a +0 whip
 Y - a +0 hand axe (weapon)
Armour
 b - a +0 leather armour (worn)
Wands
 g - a wand of digging (3)
Potions
 f - a potion of haste

Dungeon Overview and Level Annotations

Branches:
Dungeon (5/15)
 Temple: D:4-7

Altars:

Shops:
D:5 (


Message History

There is an entrance to Fiuss's Weapon Emporium here.
49 ||| SHOPLISTING +1 hand axe of holy wrath (136 gold, have 0).
You can access your shopping list by pressing '$'.
You open the door.
An orc comes into view.
It is wielding a +2 hand axe of electrocution.
The orc shouts!
An orc comes into view. It is wielding a +0 hand axe.
The orc shouts!
An orc comes into view. It is wielding a +0 club.
An orc priest comes into view. It is wielding a +0 whip.
The orc hits you but does no damage.
There is an open door here.
The orc priest shouts!
You hit the orc.
The orc is severely wounded.
The orc closely misses you.
You closely miss the orc.
The orc is severely wounded.
The orc priest misses you. The orc misses you.
The orc hits you but does no damage.
You hit the orc.
You kill the orc!
You hit the orc. You hit the orc priest.
The orc priest hits you with a +0 whip.
You hit the orc.
You kill the orc!
You hit the orc priest. The orc priest misses you.
You hit the orc priest but do no damage.
The orc priest is heavily wounded.
You completely miss the orc. The orc barely misses you.
The orc priest calls down the wrath of Beogh upon you.
Beogh smites you!
Ouch! That really hurt!
You hit the orc priest but do no damage.
The orc priest is heavily wounded.
You hit the orc.
The orc hits you with a +2 hand axe of electrocution.
You die...

+......#
#......#
#....?.#
#+###..# +#
##..###.##+#
#..........+
#..........#
#...#'#o...#
#...+\@)..##
#####+#o..#
.......
.......
.......
.###### .#
.# .#. ..K


You could see an orc priest and an orc.

Vanquished Creatures
  2 orcs (D:5)
  2 kobolds (D:5)
4 creatures vanquished.

Notes
Turn   | Place    | Note
-------+----------+-------------------------------------------
     0 | D:5      | qw the Gargoyle Delver began the quest for the Orb.
     0 | D:5      | Reached XP level 1. HP: 14/14 MP: 1/1
     0 | D:5      | 0 ||| qw: Version: 0.1-a-117-gfe26ee0
     0 | D:5      | 0 ||| qw: Game counter: 9897
     0 | D:5      | 0 ||| qw: Always use a shield: true
     0 | D:5      | 0 ||| qw: God list: Okawaru
     0 | D:5      | 0 ||| qw: Allow faded altars: false
     0 | D:5      | 0 ||| qw: Do Orc after D:15 true
     0 | D:5      | 0 ||| qw: Do second Lair branch before Depths: true
     0 | D:5      | 0 ||| qw: Lair rune preference: random
     0 | D:5      | 0 ||| qw: Plans: Normal
     0 | D:5      | 0 ||| PLANNING D:1-11
    25 | D:5      | Noticed a kobold brigand
    26 | D:5      | 26 ||| Stepping ~*~*~tactically~*~*~ (stealth).
    34 | D:5      | 34 ||| Stepping ~*~*~tactically~*~*~ (stealth).
    35 | D:5      | 35 ||| READING scroll labelled CERUACSUREF.
    38 | D:5      | 38 ||| DROPPING scroll of fog.
    39 | D:5      | 39 ||| DROPPING scroll of magic mapping.
    40 | D:5      | 40 ||| DROPPING scroll of fear.
    46 | D:5      | Found Fiuss's Weapon Emporium.
    49 | D:5      | 49 ||| SHOPLISTING +1 hand axe of holy wrath (136 gold,
                  | have 0).
    55 | D:5      | Noticed an orc priest
    61 | D:5      | HP: 1/14 [orc priest/divine providence (12)]
    62 | D:5      | Slain by an orc

Levels and vault maps discovered:
D:5:      layout_gridville, trog_butcher_becter,
          minmay_temple_entry_antechambers, serial_shops,
          nicolae_shop_behind_doors

Skill      XL: |  1 |
---------------+----+-----
Axes           | 2 |  2.3
Fighting       | |  3.2
Dodging        | |  1.5
Stealth        | |  5.4

Action                   || total
-------------------------++-------
Melee: Hand axe          ||     9
  Use: Scroll            ||     1
Armor: Leather armour    ||     3
Dodge: Dodged            ||     6

Table legend:
 A = Non-vault XP
 B = Vault XP
 C = Vault XP percentage of total XP
 D = Non-vault monster count
 E = Vault monster count
 F = Vault count percentage of total count
                 A         B        C        D         E       F
            +---------+---------+-------+---------+---------+-------
      Total |       9 |       0 |   0.0 |       4 |       0 |   0.0
            +---------+---------+-------+---------+---------+-------
        D:5 |       9 |       0 |   0.0 |       4 |       0 |   0.0
            +---------+---------+-------+---------+---------+-------
